APP
JOHNSON CITY CARDINALS @ OGDEN RAPTORS
08/31/2045
 
TOP OF THE 1ST
Johnson City Cardinals batting - Pitching for Ogden Raptors : LHP Bryan Rouse
Pitching: LHP Bryan Rouse
Batting: RHB Nick Latulippe 0-0: Ball
1-0: Ball
2-0: Ball
3-0: Base on Balls
Batting: RHB Tim Jobe 0-0: Ball
1-0: Swinging Strike
1-1: Swinging Strike
1-2: Ball
2-2: Strikes out looking
Batting: RHB Fekadu Alhaadi 0-0: Ball
Nick Latulippe steals 2nd base
1-0: Ball
2-0: Ball
3-0: Base on Balls
Batting: LHB Travis Ruppel 0-0: Ball
Nick Latulippe is caught stealing 3rd base 2-5
Fekadu Alhaadi to second
1-0: Foul Ball, location: 2F
1-1: 2-RUN HOME RUN (Flyball, 7LD, EV 95.0 MPH), Distance : 363 ft
Batting: RHB Chris Norris 0-0: Called Strike
0-1: Ball
1-1: Foul Ball, location: 2F
1-2: Ball
2-2: Foul Ball, location: 2F
2-2: Strikes out looking
Top of the 1st over - 2 runs, 1 hit, 0 errors, 0 left on base; Johnson City 2 - Ogden 0
BOTTOM OF THE 1ST
Ogden Raptors batting - Pitching for Johnson City Cardinals : RHP Marcos Vergara
Pitching: RHP Marcos Vergara
Batting: LHB Kevin Fleming 0-0: Ground out 6-3 (Groundball, 6D, EV 79.4 MPH)
Batting: LHB Gary Salazar 0-0: Called Strike
0-1: Ball
1-1: Called Strike
1-2: Foul Ball, location: 2F
1-2: Ball
2-2: Strikes out swinging
Batting: RHB Mike Plugge 0-0: Ball
1-0: Foul Ball, location: 2F
1-1: Foul Ball, location: 2F
1-2: Foul Ball, location: 2F
1-2: Fly out, F9 (Flyball, 9LS, EV 91.2 MPH)
Bottom of the 1st over - 0 runs, 0 hits, 0 errors, 0 left on base; Johnson City 2 - Ogden 0
TOP OF THE 2ND
Johnson City Cardinals batting - Pitching for Ogden Raptors : LHP Bryan Rouse
Batting: RHB Kyle Burns 0-0: Ball
1-0: SINGLE (Flyball, 8LS, EV 87.5 MPH)
Batting: RHB Geoff Musico 0-0: Ball
1-0: Ball
2-0: SINGLE (Flyball, 6MD, EV 91.9 MPH)
Kyle Burns to second
Batting: SHB Steve Langlois 0-0: Fly out, F9 (Flyball, 89D, EV 86.9 MPH)
Runner from 2nd tags up, SAFE at 3rd with throw by RF
Batting: RHB Robby Hickman 0-0: Fly out, F7 (Flyball, 7LM, EV 93.8 MPH)
Runner from 3rd tags up, SCORES, no throw by LF
Batting: RHB Nick Latulippe 0-0: Foul Ball, location: 2F
0-1: Foul Ball, location: 2F
0-2: Foul Ball, location: 2F
0-2: Ball
1-2: Ball
2-2: Strikes out looking
Top of the 2nd over - 1 run, 2 hits, 0 errors, 1 left on base; Johnson City 3 - Ogden 0
BOTTOM OF THE 2ND
Ogden Raptors batting - Pitching for Johnson City Cardinals : RHP Marcos Vergara
Batting: LHB Chris Buchan 0-0: Ball
1-0: Called Strike
1-1: Ball
2-1: SINGLE (Groundball, 3D, EV 97.5 MPH)
Batting: RHB John Hanson 0-0: Foul Ball, location: 2F
0-1: Ball
1-1: Swinging Strike
1-2: SINGLE (Line Drive, 34D, EV 98.8 MPH)
Chris Buchan to second
Runner from 2nd tries for 3rd, SAFE, throw by RF made to third
Batting: RHB Djoka Subasic 0-0: Ball
1-0: Ground out 5-3 (Groundball, 56, EV 82.5 MPH)
Chris Buchan scores
John Hanson to second
Batting: SHB Ramon Luna 0-0: Ground out 4-3 (Groundball, 4, EV 76.9 MPH)
John Hanson to third
Batting: LHB Jordan Amaker 0-0: Called Strike
0-1: Ground out 6-3 (Groundball, 6, EV 108.8 MPH)
Bottom of the 2nd over - 1 run, 2 hits, 0 errors, 1 left on base; Johnson City 3 - Ogden 1
TOP OF THE 3RD
Johnson City Cardinals batting - Pitching for Ogden Raptors : LHP Bryan Rouse
Batting: RHB Tim Jobe 0-0: Ball
1-0: Called Strike
1-1: Fly out, F9 (Flyball, 9D, EV 104.4 MPH)
Batting: RHB Fekadu Alhaadi 0-0: Ball
1-0: Fly out, F4 (Flyball, 34D, EV 88.1 MPH)
Batting: LHB Travis Ruppel 0-0: Called Strike
0-1: Ball
1-1: Swinging Strike
1-2: Ball
2-2: Foul Ball, location: 2F
2-2: Ground out 5-3 (Groundball, 56, EV 85.0 MPH)
Top of the 3rd over - 0 runs, 0 hits, 0 errors, 0 left on base; Johnson City 3 - Ogden 1
BOTTOM OF THE 3RD
Ogden Raptors batting - Pitching for Johnson City Cardinals : RHP Marcos Vergara
Batting: RHB Victor Delgado 0-0: Called Strike
0-1: Ball
1-1: Ball
2-1: Foul Ball, location: 2F
2-2: Ground out 1-3 (Groundball, 15S, EV 71.9 MPH)
Batting: LHB Kevin Fleming 0-0: Foul Ball, location: 2F
0-1: Foul Ball, location: 2F
0-2: SINGLE (Line Drive, 7LM, EV 98.8 MPH)
Batting: LHB Gary Salazar 0-0: Ball
1-0: Fielders Choice at 2nd, 6-4 (Groundball, 6M, EV 82.5 MPH)
Batting: RHB Mike Plugge 0-0: Ball
1-0: Fly out, F8 (Flyball, 89M, EV 81.9 MPH)
Bottom of the 3rd over - 0 runs, 1 hit, 0 errors, 1 left on base; Johnson City 3 - Ogden 1
TOP OF THE 4TH
Johnson City Cardinals batting - Pitching for Ogden Raptors : LHP Bryan Rouse
Batting: RHB Chris Norris 0-0: Called Strike
0-1: Ball
1-1: SINGLE (Groundball, 6MD, EV 95.6 MPH)
Batting: RHB Kyle Burns 0-0: Called Strike
0-1: Foul Ball, location: 2F
0-2: Ball
1-2: Fielders Choice at 2nd, 1-4 (Groundball, P, EV 71.2 MPH)
Batting: RHB Geoff Musico 0-0: Called Strike
0-1: Ball
1-1: Ball
2-1: Ball
3-1: Called Strike
3-2: Foul Ball, location: 2F
3-2: Base on Balls
Kyle Burns to second
Batting: SHB Steve Langlois 0-0: Fly out, F7 (Flyball, 7D, EV 107.5 MPH)
Runner from 2nd tags up, SAFE at 3rd, no throw by LF
Batting: RHB Robby Hickman 0-0: Foul Ball, location: 2F
0-1: Swinging Strike
0-2: Foul Ball, location: 2F
0-2: Ball
1-2: Ball
2-2: Ball
3-2: Reached on error, E5 (Groundball, 56, EV 91.2 MPH)
Kyle Burns scores
Geoff Musico to second
Batting: RHB Nick Latulippe 0-0: Called Strike
0-1: Ball
1-1: Ball
2-1: Foul Ball, location: 2F
2-2: Ball
3-2: Base on Balls
Geoff Musico to third
Robby Hickman to second
Batting: RHB Tim Jobe 0-0: Ball
1-0: Called Strike
1-1: Ball
2-1: Ball
3-1: Foul Ball, location: 2F
3-2: Strikes out swinging
Top of the 4th over - 1 run, 1 hit, 1 error, 3 left on base; Johnson City 4 - Ogden 1
BOTTOM OF THE 4TH
Ogden Raptors batting - Pitching for Johnson City Cardinals : RHP Marcos Vergara
Batting: LHB Chris Buchan 0-0: Foul Ball, location: 2F
0-1: Called Strike
0-2: Ball
1-2: Ground out 1-3 (Groundball, P, EV 64.4 MPH)
Batting: RHB John Hanson 0-0: Called Strike
0-1: Foul Ball, location: 2F
0-2: Strikes out swinging
Batting: RHB Djoka Subasic 0-0: Swinging Strike
0-1: Ball
1-1: Ball
2-1: Ground out 6-3 (Groundball, 6, EV 107.5 MPH)
Bottom of the 4th over - 0 runs, 0 hits, 0 errors, 0 left on base; Johnson City 4 - Ogden 1
TOP OF THE 5TH
Johnson City Cardinals batting - Pitching for Ogden Raptors : LHP Bryan Rouse
Batting: RHB Fekadu Alhaadi 0-0: DOUBLE (Groundball, 5L, EV 102.5 MPH)
Batting: LHB Travis Ruppel 0-0: Called Strike
0-1: Ball
1-1: Reached on error, E5 (Groundball, 56, EV 103.8 MPH)
Fekadu Alhaadi to third
Batting: RHB Chris Norris 0-0: DOUBLE (Line Drive, 78XD, EV 112.5 MPH)
Fekadu Alhaadi scores
Travis Ruppel to third
Runner from 3rd tries for Home, SAFE, throw by LF to trailing runner, OUT at third! 7-3-5
Batting: RHB Kyle Burns 0-0: Foul Ball, location: 2F
0-1: Swinging Strike
0-2: Fly out, F1 (Line Drive, P, EV 71.2 MPH)
Batting: RHB Geoff Musico 0-0: Called Strike
0-1: Ball
1-1: Swinging Strike
1-2: SINGLE (Groundball, 34D, EV 100.0 MPH)
Pitching: RHP Alfredo Sanchez
Batting: SHB Steve Langlois 0-0: Ball
Wild Pitch!
Geoff Musico to second
1-0: Ball
2-0: Foul Ball, location: 2F
2-1: Ball
3-1: Called Strike
3-2: Strikes out looking
Top of the 5th over - 2 runs, 3 hits, 1 error, 1 left on base; Johnson City 6 - Ogden 1
BOTTOM OF THE 5TH
Ogden Raptors batting - Pitching for Johnson City Cardinals : RHP Marcos Vergara
Now in LF: Steve Langlois
Now in CF: Ivan Cortez
Batting: SHB Ramon Luna 0-0: Foul Ball, location: 2F
0-1: Ball
1-1: SINGLE (Groundball, 4MD, EV 100.0 MPH)
Batting: LHB Jordan Amaker 0-0: Fielders Choice at 2nd, 3-6 (Groundball, 3, EV 103.1 MPH)
Batting: RHB Victor Delgado 0-0: Foul Ball, location: 2F
0-1: Swinging Strike
0-2: Ball
1-2: Ball
2-2: Strikes out swinging
Batting: LHB Kevin Fleming 0-0: Foul Ball, location: 2F
0-1: Called Strike
0-2: Strikes out swinging
Bottom of the 5th over - 0 runs, 1 hit, 0 errors, 1 left on base; Johnson City 6 - Ogden 1
TOP OF THE 6TH
Johnson City Cardinals batting - Pitching for Ogden Raptors : RHP Alfredo Sanchez
Batting: RHB Robby Hickman 0-0: Called Strike
0-1: Reached on error, E8 (Flyball, 8LD, EV 95.6 MPH)
Batting: RHB Nick Latulippe 0-0: Ball
1-0: Swinging Strike
1-1: Swinging Strike
1-2: Strikes out looking
Batting: RHB Tim Jobe 0-0: Ball
1-0: Called Strike
1-1: Ball
2-1: Ground out 6-3 (Groundball, 6S, EV 89.4 MPH)
Robby Hickman to third
Batting: RHB Fekadu Alhaadi 0-0: Called Strike
0-1: Ball
1-1: Foul Ball, location: 2F
1-2: Ball
2-2: Strikes out looking
Top of the 6th over - 0 runs, 0 hits, 1 error, 1 left on base; Johnson City 6 - Ogden 1
BOTTOM OF THE 6TH
Ogden Raptors batting - Pitching for Johnson City Cardinals : RHP Marcos Vergara
Batting: LHB Gary Salazar 0-0: Foul Ball, location: 2F
0-1: Ball
1-1: Ball
2-1: Ball
3-1: Ground out 1-3 (Groundball, 13S, EV 67.5 MPH)
Batting: RHB Mike Plugge 0-0: Called Strike
0-1: Foul Ball, location: 2F
0-2: Ball
1-2: Fly out, F3 (Popup, 3S, EV 74.4 MPH)
Batting: LHB Chris Buchan 0-0: Ball
1-0: Foul Ball, location: 2F
1-1: Swinging Strike
1-2: Ball
2-2: Foul Ball, location: 2F
2-2: Strikes out swinging
Bottom of the 6th over - 0 runs, 0 hits, 0 errors, 0 left on base; Johnson City 6 - Ogden 1
TOP OF THE 7TH
Johnson City Cardinals batting - Pitching for Ogden Raptors : RHP Alfredo Sanchez
Batting: LHB Travis Ruppel 0-0: Ball
1-0: Ball
2-0: Ball
3-0: Base on Balls
Batting: LHB Ivan Cortez 0-0: Called Strike
0-1: Fly out, F7 (Flyball, 7, EV 93.1 MPH)
Batting: RHB Kyle Burns 0-0: Ball
1-0: Called Strike
1-1: Foul Ball, location: 2F
1-2: Strikes out looking
Batting: RHB Geoff Musico 0-0: Ball
1-0: Called Strike
1-1: Called Strike
1-2: Ball
2-2: Foul Ball, location: 2F
2-2: Ball
3-2: DOUBLE (Flyball, 8RXD, EV 93.1 MPH)
Travis Ruppel to third
Travis Ruppel scores
Batting: SHB Steve Langlois 0-0: Ground out 1-3 (Groundball, 15S, EV 66.9 MPH)
Top of the 7th over - 1 run, 1 hit, 0 errors, 1 left on base; Johnson City 7 - Ogden 1
BOTTOM OF THE 7TH
Ogden Raptors batting - Pitching for Johnson City Cardinals : RHP Marcos Vergara
Pitching: LHP Andy Fitzsimmons
Batting: RHB John Hanson 0-0: Called Strike
0-1: Called Strike
0-2: Ball
1-2: Ball
2-2: Foul Ball, location: 2F
2-2: Strikes out swinging
Batting: RHB Djoka Subasic 0-0: Ground out 6-3 (Groundball, 6, EV 106.2 MPH)
Batting: SHB Ramon Luna 0-0: Called Strike
0-1: Ball
1-1: Called Strike
1-2: Strikes out swinging
Bottom of the 7th over - 0 runs, 0 hits, 0 errors, 0 left on base; Johnson City 7 - Ogden 1
TOP OF THE 8TH
Johnson City Cardinals batting - Pitching for Ogden Raptors : RHP Alfredo Sanchez
Batting: RHB Robby Hickman 0-0: Called Strike
0-1: Swinging Strike
0-2: Strikes out swinging
Batting: RHB Nick Latulippe 0-0: Called Strike
0-1: Called Strike
0-2: Strikes out swinging
Batting: RHB Tim Jobe 0-0: Ball
1-0: Foul Ball, location: 2F
1-1: Fly out, F7 (Flyball, 7S, EV 95.0 MPH)
Top of the 8th over - 0 runs, 0 hits, 0 errors, 0 left on base; Johnson City 7 - Ogden 1
BOTTOM OF THE 8TH
Ogden Raptors batting - Pitching for Johnson City Cardinals : LHP Andy Fitzsimmons
Batting: LHB Jordan Amaker 0-0: Foul Ball, location: 2F
0-1: Ball
1-1: Called Strike
1-2: Foul Ball, location: 2F
1-2: Foul Ball, location: 2F
1-2: Foul Ball, location: 2F
1-2: Ball
2-2: Foul Ball, location: 2F
2-2: Strikes out swinging
Batting: RHB Victor Delgado 0-0: Ball
1-0: Called Strike
1-1: Ball
2-1: Ball
3-1: Base on Balls
Pitching: RHP Ray Strehler
Batting: LHB Kevin Fleming 0-0: Ball
Passed Ball!
Victor Delgado to second
1-0: Ball
2-0: Ground out 5-3 (Groundball, 5S, EV 89.4 MPH)
Batting: LHB Gary Salazar 0-0: Called Strike
0-1: Ball
1-1: Ball
2-1: Foul Ball, location: 2F
2-2: Ground out 4-3 (Groundball, 4, EV 99.4 MPH)
Bottom of the 8th over - 0 runs, 0 hits, 0 errors, 1 left on base; Johnson City 7 - Ogden 1
TOP OF THE 9TH
Johnson City Cardinals batting - Pitching for Ogden Raptors : RHP Alfredo Sanchez
Batting: RHB Fekadu Alhaadi 0-0: Ball
1-0: SINGLE (Groundball, 6MD, EV 94.4 MPH)
Batting: LHB Travis Ruppel 0-0: Fly out, F7 (Flyball, 7, EV 82.5 MPH)
Batting: LHB Ivan Cortez 0-0: Foul Ball, location: 2F
0-1: Ball
1-1: Hit by Pitch
Fekadu Alhaadi to second
Pitching: RHP Jeff Lewis
Batting: RHB Kyle Burns 0-0: Ball
1-0: Ball
2-0: DOUBLE (Groundball, 5L, EV 106.9 MPH)
Fekadu Alhaadi scores
Ivan Cortez to third
Pinch Hitting: RHB Chris Jones 0-0: Ground out 4-3 (Groundball, 4, EV 86.2 MPH)
Ivan Cortez scores
Kyle Burns to third
Batting: SHB Steve Langlois 0-0: Called Strike
0-1: Called Strike
0-2: Fly out, F7 (Flyball, 7LM, EV 87.5 MPH)
Top of the 9th over - 2 runs, 2 hits, 0 errors, 1 left on base; Johnson City 9 - Ogden 1
BOTTOM OF THE 9TH
Ogden Raptors batting - Pitching for Johnson City Cardinals : RHP Ray Strehler
Now at C: Kyle Burns
Now at 1B: Chris Jones
Batting: RHB Mike Plugge 0-0: Called Strike
0-1: Foul Ball, location: 2F
0-2: Ball
1-2: Strikes out swinging
Batting: LHB Chris Buchan 0-0: Ground out 6-3 (Groundball, 4, EV 83.1 MPH)
Batting: RHB John Hanson 0-0: Ball
1-0: Swinging Strike
1-1: Ball
2-1: Swinging Strike
2-2: Strikes out looking
Bottom of the 9th over - 0 runs, 0 hits, 0 errors, 0 left on base; Johnson City 9 - Ogden 1
Wednesday, June 22nd , 2022 - OOTP Baseball 23.4 Build 64